 Dungeon Crawl Stone Soup version 0.26-a0-812-g31a745ddcd (webtiles) character file.

Game seed: 3353439308054117111

4 kae the Changer (level 1, -1/9 HPs)
             Began as a Spriggan Transmuter on Nov 19, 2020.
             Slain by a kobold (4 damage)
             ... on level 1 of the Dungeon.
             The game lasted 00:00:12 (33 turns).

kae the Changer (Spriggan Transmuter)                 Turns: 33, Time: 00:00:13

Health: -1/9       AC:  2    Str:  6    XL:     1   Next: 50%
Magic:  4/5        EV: 18    Int: 14    God:
Gold:   0          SH:  0    Dex: 16    Spells: 4/5 levels left

rFire    . . .     SeeInvis +     - Unarmed
rCold    . . .     Faith    .   (shield restricted)
rNeg     . . .     Spirit   .   a - +0 robe
rPois    .         Reflect  .   (helmet currently unavailable)
rElec    .         Harm     .   (no cloak)
rCorr    .         Rampage  .   (gloves unavailable)
MR       .....                  (boots unavailable)
Stlth    +.........             (no amulet)
HPRegen  0.03/turn              (no ring)
MPRegen  0.09/turn              (no ring)

@: appendages (expiring), very quick
A: very small, unfitting armour, horns 2, talons 2, see invisible, speed 3
a: End Transformation


You were on level 1 of the Dungeon.
You had grown temporary horns.
You had grown temporary talons.
You visited 1 branch of the dungeon, and saw 1 of its levels.

Inventory:

Armour
 a - a +0 robe (worn)
Scrolls
 b - a scroll of identify {unknown}


   Skills:
 - Level 0.7 Fighting
 - Level 3.0 Dodging
 + Level 2.5 Unarmed Combat
 - Level 2.6 Spellcasting
 * Level 3.1 Transmutations


You had 4 spell levels left.
You knew the following spells:

 Your Spells              Type           Power        Failure   Level
a - Beastly Appendage     Tmut           ##....       6%          1

Your spell library contained the following spells:

 Spells                   Type           Power        Failure   Level
 Wereblood                Tmut           ##......     10%         2
 Spider Form              Tmut/Pois      #.........   34%         3
 Ice Form                 Ice/Tmut       #.......     75%         4
 Blade Hands              Tmut           ##........   86%         5


Dungeon Overview and Level Annotations

Branches:
Dungeon (1/15)

Altars:


Innate Abilities, Weirdness & Mutations

You are very small and have problems with some larger weapons.
You are too small for most types of armour.
You have supernaturally acute eyesight. (SInv)
You cover ground extremely quickly.
You have a pair of horns on your head.
You have razor-sharp toenails.


Message History

You are too injured to fight recklessly!
You are too injured to fight recklessly!
You are too injured to fight recklessly!
You are too injured to fight recklessly!
You hit the leopard gecko.
You kill the leopard gecko!
Your Transmutations skill increases to level 3!
You hit the frilled lizard.
You kill the frilled lizard!
The kobold throws a stone.
The stone hits you. The kobold barely misses you.
You closely miss the kobold. Your kick misses the kobold.
The kobold misses you.
You closely miss the kobold. The kobold closely misses you.
You hit the kobold but do no damage. The kobold closely misses you.
You hit the kobold. You claw the kobold, but do no damage.
The kobold is heavily wounded.
Your transformation is almost over.
The kobold hits you.
You die...

### ####### ...... ...
...... .... ... .....
#..# #.# ...# #..# #.#
##...### #..# #.#
#K.....#
####..####.###@.....#
#........#..........#
#..<....)....(........
...........#####......##
###........# #####..#
#####..### ..# #..# .#
..... . .......


You could see a kobold.

Vanquished Creatures
  A leopard gecko (D:1)
  A hobgoblin (D:1)
  A frilled lizard (D:1)
3 creatures vanquished.

Notes
Turn   | Place    | Note
-------+----------+-------------------------------------------
     0 | D:1      | kae the Spriggan Transmuter began the quest for the Orb.
     0 | D:1      | Reached XP level 1. HP: 9/9 MP: 5/5
    33 | D:1      | Slain by a kobold

Illustrated notes

Levels and vault maps discovered:
D:1:      dpeg_arrival_boxes_within_box, layout_loops_ring

Skill      XL: |  1 |
---------------+----+-----
Transmutations | 3 |  3.1
Fighting       | |  0.7
Dodging        | |  3.0
Unarmed Combat | |  2.5
Spellcasting   | |  2.6

Action                   || total
-------------------------++-------
Melee: Unarmed           ||    11
       Kick              ||     4
 Cast: Beastly Appendage ||     2
Dodge: Dodged            ||     9

Table legend: (Time is in decaauts)
 A = Elapsed time spent in this place.
 B = Non-inter-level travel time spent in this place.
 C = Inter-level travel time spent in this place.
 D = Time resting spent in this place.
 E = Time spent auto-exploring this place.
 F = Levels seen in this place.
 G = Mean time per level.
                   A        B        C        D        E       F      G
               +--------+--------+--------+--------+--------+-----+--------+
         Total |     28 |     28 |      0 |      0 |      7 |   1 |   28.0 |
       Dungeon |     28 |     28 |      0 |      0 |      7 |   1 |   28.0 |
               +--------+--------+--------+--------+--------+-----+--------+

Top non-repeatable levels by time:
     D:1: 28 daAuts
